 Dungeon Crawl Stone Soup version 0.29.1-2-gbd0b4ee654 (webtiles) character file.

Game seed: 17983936767085689335

461 Ihaveafatcat the Chopper (level 7, 0/60 HPs)
             Began as a Hill Orc Fighter on Nov 11, 2022.
             Was an Initiate of Gozag.
             Slain by an orc
             ... wielding a +0 dagger
              (2 damage)
             ... on level 5 of the Dungeon.
             The game lasted 00:10:06 (5552 turns).

Ihaveafatcat the Chopper (Hill Orc Fighter)         Turns: 5552, Time: 00:10:06

Health: 0/60       AC:  8    Str: 21    XL:     7   Next: 7%
Magic:  7/7        EV:  9    Int:  8    God:    Gozag
Gold:   180        SH:  4    Dex: 10    Spells: 6/6 levels left

rFire   x . .      SeeInvis .   p - +9 rapier of Blood {pain, +Blink rElec rF- rCorr}
rCold   . . .      Faith    .   c - +0 buckler
rNeg    . . .      Spirit   .   b - +0 scale mail
rPois   .          Reflect  .   (no helmet)
rElec   +          Harm     .   (no cloak)
rCorr   +          Rampage  .   (no gloves)
Will    .....                   g - +0 pair of boots
Stlth   ..........              (no amulet)
HPRegen 0.20/turn               (no ring)
MPRegen 0.10/turn               (no ring)

@: mighty, about to teleport, marked, gold aura
A: no striking features
a: Renounce Religion, Evoke Blink, Potion Petition, Call Merchant, Bribe Branch


You were on level 5 of the Dungeon.
You worshipped Gozag.
Gozag was aware of your devotion.
You visited 2 branches of the dungeon, and saw 6 of its levels.

You collected 249 gold pieces.
You paid 69 gold pieces to Gozag.

Inventory:

Hand Weapons
 a - a +1 war axe
 p - the +9 rapier of Blood (weapon) {pain, +Blink rElec rF- rCorr}
   (You found it on level 3 of the Dungeon)

   In the hands of one skilled in necromantic magic, it inflicts extra damage on
   living creatures.
   rF:        It makes you vulnerable to fire.
   rElec:     It insulates you from electricity.
   +Blink:    It lets you blink.
   rCorr:     It protects you from acid and corrosion.
Armour
 b - a +0 scale mail (worn)
 c - a +0 buckler (worn)
 g - a +0 pair of boots (worn)
Jewellery
 i - a ring of willpower
 r - a ring of protection from cold
Scrolls
 j - a scroll of enchant weapon
 n - a scroll of enchant armour
 q - 2 scrolls of identify
 s - a scroll of magic mapping {unknown}
Potions
 d - a potion of might
 f - a potion of berserk rage
 h - a potion of haste
 k - a potion of magic
 m - a potion of resistance
 o - a potion of degeneration {unknown}


   Skills:
 + Level 4.6 Fighting
 + Level 2.7 Short Blades
 + Level 5.6 Axes
 + Level 4.9 Armour
 + Level 1.0 Dodging
 + Level 1.0 Stealth
 + Level 4.1 Shields


You had 6 spell levels left.
You didn't know any spells.
Your spell library contained the following spells:

 Spells                   Type           Power      Damage    Failure   Level
 Confusing Touch          Hex            0%         N/A       99%         3
 Yara's Violent Unravell  Hex/Tmut       0%         3d3       100%        5
 Enfeeble                 Hex            0%         N/A       100%        7


Dungeon Overview and Level Annotations

Branches:
Dungeon (5/15)             Temple (1/1) D:4

Altars:
Cheibriados
Dithmenos
Elyvilon
Fedhas
Gozag
Hepliaklqana
Makhleb
Nemelex Xobeh
Qazlal
Ru
Trog
Uskayaw
Vehumet
Wu Jian
Xom
Zin
The Shining One

Annotations:
D:5 Prince Ribbit


Message History

The orc wizard points at you and mumbles some strange words.
The magic dart hits you!
* * * LOW HITPOINT WARNING * * *
Edmund hits you with a +0 dire flail of holy wrath!
* * * LOW HITPOINT WARNING * * *
You puncture Edmund!
Edmund is almost dead.
You block the orc wizard's attack. Edmund barely misses you.
An adder comes into view.
You impale Edmund!!
You kill Edmund!
The orc wizard is distracted by your dazzling golden aura.
The orc wizard gestures at you while chanting.
You resist with some effort.
The orc wizard shouts!
Your Short Blades skill increases to level 2!
Your Dodging skill increases to level 1!
You have reached level 7!
As you read the scroll of teleportation, it crumbles to dust.
You feel strangely unstable.
The adder is distracted by your dazzling golden aura.
The orc hits you but does no damage. The black bear bites you.
* * * LOW HITPOINT WARNING * * *
You block the black bear's attack.
The black bear claws you but does no damage.
Unknown command.
The orc wizard attacks as you move away!
The orc wizard barely misses you. The orc attacks as you move away!
The orc barely misses you.
The adder is no longer distracted by gold.
The black bear bites you but does no damage.
The black bear completely misses you.
The black bear claws you but does no damage.
You block the orc's attack.
An iguana comes into view.
Prince Ribbit comes into view.
You are too injured to fight recklessly!
The orc wizard is no longer distracted by gold.
The orc attacks as you move away! The orc hits you with a +0 dagger.
You die...
Your body crumbles into a pile of gold.

# ......#.. .....
#.......
...#.##..........
....#...........
#......... ...
#..#.#.S###.#
#...h..#...# #
##.#$#o##...# ..
.##...oo@.F...# ..
..#....o#.....#.#
.##>...######....##
......#######.....#..
.......##.#.........
.#.#.#..............
#............>.....
#.#.#....#.........
#.......##<...........


You could see Prince Ribbit, a black bear, 2 orc wizards, an adder and 2 orcs.

Vanquished Creatures
  Edmund (D:5)
  A howler monkey (D:4)
  2 hounds (D:4)
  A jelly (D:4)
  3 iguanas
  3 gnolls (D:2)
  5 adders
  An orc (D:4)
  7 endoplasms
  3 giant cockroaches
  8 goblins
  2 hobgoblins
  3 jackals (D:1)
  3 quokkas
  11 ball pythons
  6 bats
  4 frilled lizards
  5 kobolds
  7 rats
76 creatures vanquished.

Vanquished Creatures (others)
  2 plants (D:1)
2 creatures vanquished.

Grand Total: 78 creatures vanquished

Notes
Turn   | Place    | Note
-------+----------+-------------------------------------------
     0 | D:1      | Ihaveafatcat the Hill Orc Fighter began the quest for the
                  | Orb.
     0 | D:1      | Reached XP level 1. HP: 19/19 MP: 1/1
    23 | D:1      | Noticed an electric eel
   456 | D:1      | Reached XP level 2. HP: 8/27 MP: 2/2
   897 | D:1      | Reached skill level 3 in Axes
  1642 | D:2      | Reached XP level 3. HP: 23/33 MP: 3/3
  2203 | D:2      | Reached skill level 4 in Axes
  2332 | D:2      | Reached XP level 4. HP: 39/40 MP: 4/4
  3107 | D:3      | Identified the +9 rapier of Blood {pain, +Blink rElec rF-
                  | rCorr}
  3219 | D:3      | Found a faded altar of an unknown god.
  3227 | D:3      | Reached XP level 5. HP: 13/46 MP: 5/5
  3683 | D:3      | Reached skill level 5 in Axes
  4496 | D:4      | Reached XP level 6. HP: 37/52 MP: 6/6
  4501 | D:4      | Reached skill level 1 in Short Blades
  4503 | D:4      | Reached skill level 1 in Stealth
  5389 | D:4      | Found a staircase to the Ecumenical Temple.
  5398 | Temple   | Entered the Ecumenical Temple
  5415 | Temple   | Became a worshipper of Gozag Ym Sagoz the Greedy
  5505 | D:5      | Entered Level 5 of the Dungeon
  5531 | D:5      | Noticed Edmund
  5537 | D:5      | Noticed a black bear
  5546 | D:5      | HP: 2/53 [Edmund/+0 dire flail of holy wrath (7)]
  5548 | D:5      | Killed Edmund
  5549 | D:5      | Reached skill level 1 in Dodging
  5549 | D:5      | Reached XP level 7. HP: 2/60 MP: 7/7
  5550 | D:5      | Noticed Prince Ribbit
  5552 | D:5      | Slain by an orc

Illustrated notes

Levels and vault maps discovered:
D:1:      arrival_aquarium_a, layout_rooms, chequers_big_river,
          chequers_serial_rivers_small_3
D:2:      layout_basic
D:3:      layout_basic, shapermc_ecumenical_altar_acropolis
D:4:      layout_loops_ring, minmay_temple_entry_poolview, nicolae_titane
D:5:      kennysheep_windowed_halls, layout_cave_pools, lemuel_tele_altar,
          nicolae_sif_muna_little_library, serial_glass, glass_columns_a,
          glass_columns_a, glass_columns_c, glass_columns_a, glass_columns_a,
          uniq_edmund, uniq_prince_ribbit1
Temple:   sentei_temple_godly_chess

Skill      XL: |  1  2  3  4  5  6 |
---------------+-------------------+-----
Axes           | 3 4 5 |  5.6
Armour         | 4 |  4.9
Fighting       | 4 |  4.6
Short Blades   | 2 |  2.7
Shields        | 4 |  4.1
Stealth        | 1 |  1.0
Dodging        | 1 |  1.0

Action                   |  1- 3 |  4- 6 |  7- 9 || total
-------------------------+-------+-------+-------++-------
Melee: War axe           |    87 |    39 |       ||   126
       Rapier            |       |    87 |       ||    87
  Use: Scroll            |       |    10 |     1 ||    11
       Potion            |       |     2 |       ||     2
Armor: Scale mail        |    50 |    56 |     4 ||   110
Dodge: Dodged            |    47 |    63 |     3 ||   113
Block: Buckler           |    24 |    29 |     2 ||    55
